 Dungeon Crawl Stone Soup version 0.28-b1 (webtiles) character file.

Game seed: 5288919112531951070

1005 Kaptain the Ducker (level 8, -11/50 HPs)
             Began as a Djinni Fire Elementalist on Jan 26, 2022.
             Mangled by an orc warrior (13 damage)
             ... on level 6 of the Dungeon.
             The game lasted 00:11:40 (5808 turns).

Kaptain the Ducker (Djinni Fire Elementalist)       Turns: 5808, Time: 00:11:41

Health: -11/50     AC:  4    Str: 13    XL:     8   Next: 44%
Gold:   207        EV: 14    Int: 19    God:
                   SH:  0    Dex: 14

rFire   + + .      SeeInvis .   u - +4 whip (elec)
rCold   x . .      Faith    .   (no shield)
rNeg    . . .      Spirit   .   i - +0 leather armour
rPois   ∞          Reflect  .   p - +0 helmet
rElec   .          Harm     .   (no cloak)
rCorr   .          Rampage  .   (no gloves)
Will    +....                   (boots unavailable)
Stlth   +++.......              (no amulet)
HPRegen 0.16/turn               v - +6 ring of strength
MPRegen 0.00/turn               h - ring of willpower

@: flying
A: sickness immunity, fire resistance 2, cold vulnerability 1, float, innate
caster, hp casting, extra vitality 1
a: no special abilities


You were on level 6 of the Dungeon.
You visited 1 branch of the dungeon, and saw 5 of its levels.

You collected 207 gold pieces.

Inventory:

Hand Weapons
 c - a +0 short sword
 t - a +6 club
 u - a +4 whip of electrocution (weapon)
Missiles
 d - 177 stones
Armour
 i - a +0 leather armour (worn)
 p - a +0 helmet (worn)
Jewellery
 f - a ring of resist corrosion
 h - a ring of willpower (right hand)
 v - a +6 ring of strength (left hand)
Wands
 l - a wand of iceblast (8)
 r - a wand of digging (8)
Scrolls
 a - a scroll of enchant weapon {unknown}
 g - 2 scrolls of teleportation
 o - a scroll of amnesia {unknown}
Potions
 e - 2 potions of berserk rage
 j - 2 potions of brilliance
 n - a potion of resistance {unknown}
 q - a potion of flight {unknown}
 s - a potion of ambrosia {unknown}


   Skills:
 + Level 6.2 Dodging
 + Level 5.0 Stealth
 + Level 4.7 Spellcasting


You couldn't memorise any spells.
You knew the following spells:

 Your Spells              Type           Power      Damage    Failure   Level
a - Foxfire               Conj/Fire      88%        2x1d8     2%          1
b - Scorch                Fire           44%        2d7       3%          2
c - Conjure Flame         Conj/Fire      22%        6-21      7%          3
d - Inner Flame           Hex/Fire       22%        N/A       7%          3
e - Flame Wave            Conj/Fire      22%        2d7       22%         4
f - Shock                 Conj/Air       88%        1d8       2%          1
g - Poisonous Vapours     Pois/Air       44%        N/A       3%          2
h - Teleport Other        Tloc           22%        N/A       7%          3
Your spell library was empty.

Dungeon Overview and Level Annotations

Branches:
Dungeon (4/15)
 Temple: D:4-7

Altars:
Okawaru
Trog
Yredelemnul


Innate Abilities, Weirdness & Mutations

You are immune to sickness and miasma.
You are immune to poison.
Your flesh is very heat resistant. (rF++)
You are vulnerable to cold. (rC-)
You float through the air rather than walking.
You learn spells naturally, not from books.
Your magical power is your life essence.
You have superior vitality. (+4 MHP)


Message History

You conjure some foxfire!
The foxfire hits the orc warrior but does no damage. x2
Unknown command.
Casting: Foxfire (safe; 2% risk of failure)
Confirm with . or Enter, or press ? or * to list all spells.
You conjure some foxfire!
The foxfire hits the orc warrior but does no damage. x2
The orc warrior hits you from afar with a +0 halberd!
Unknown command.
Casting: Foxfire (safe; 2% risk of failure)
Confirm with . or Enter, or press ? or * to list all spells.
You conjure some foxfire!
The foxfire hits the orc warrior but does no damage. x2
The orc warrior hits you from afar with a +0 halberd!
Unknown command.
Casting: Foxfire (safe; 2% risk of failure)
Confirm with . or Enter, or press ? or * to list all spells.
You conjure some foxfire!
The foxfire hits the orc warrior.
The orc warrior is lightly wounded.
The foxfire hits the orc warrior but does no damage.
The orc warrior is lightly wounded.
The orc warrior misses you.
Okay, then.
The foxfire hits the orc warrior but does no damage.
The orc warrior is lightly wounded.
The foxfire hits the orc warrior but does no damage.
The orc warrior is lightly wounded.
The orc warrior hits you with a +0 halberd!!
* * * LOW HITPOINT WARNING * * *
You feel much better.
The orc warrior hits you with a +0 halberd!!
* * * LOW HITPOINT WARNING * * *
You hit the orc warrior but do no damage.
The orc warrior is lightly wounded.
The orc warrior closely misses you.
Unknown command.
You hit the orc warrior but do no damage.
The orc warrior is lightly wounded.
The orc warrior hits you with a +0 halberd!
You die...

...# #.§.##
8v..8# # ##
####...#
..##8###8##...#
#......$......##
#......@o....⌠#
#.....)..)...##
###8###8##...# #
####!..# #8...8#
##...## #...#
#...# 8...8


You could see an orc warrior.

Vanquished Creatures
  Grinder (D:3)
  A centaur (D:3)
  An ogre (D:4)
  A phantom (D:4)
  A bullfrog (D:6)
  A scorpion (D:6)
  A howler monkey (D:4)
  An orc priest (D:4)
  A centaur skeleton (D:4)
  Jessica (D:3)
  2 iguanas (D:4)
  4 orc wizards
  Robin (D:3)
  3 adders
  3 ufetubi
  An adder skeleton (D:2)
  4 worms
  2 dart slugs
  10 orcs
  7 ball pythons
  7 endoplasms
  5 giant cockroaches
  15 goblins
  10 hobgoblins
  3 jackals (D:1)
  5 quokkas
  4 bats
  2 frilled lizards
  8 kobolds
  3 rats
109 creatures vanquished.

Vanquished Creatures (others)
  438 foxfires
  5 plants (D:2)
443 creatures vanquished.

Grand Total: 552 creatures vanquished

Notes
Turn   | Place    | Note
-------+----------+-------------------------------------------
     0 | D:1      | Kaptain the Djinni Fire Elementalist began the quest for
                  | the Orb.
     0 | D:1      | Reached XP level 1. HP: 15/15 MP: 0/0
   253 | D:1      | Reached XP level 2. HP: 16/21 MP: 0/0
   823 | D:1      | Reached XP level 3. HP: 22/25 MP: 0/0
   823 | D:1      | Learned a level 1 spell: Shock
  1409 | D:2      | Found an iron altar of Okawaru.
  1420 | D:2      | Reached skill level 3 in Dodging
  1634 | D:2      | Reached XP level 4. HP: 29/31 MP: 0/0
  2831 | D:3      | Noticed Grinder
  2846 | D:3      | Killed Grinder
  2847 | D:3      | Reached skill level 4 in Dodging
  2847 | D:3      | Reached XP level 5. HP: 18/35 MP: 0/0
  2847 | D:3      | Learned a level 2 spell: Poisonous Vapours
  2847 | D:3      | Reached XP level 6. HP: 21/40 MP: 0/0
  3359 | D:3      | Noticed Robin
  3377 | D:3      | Killed Robin
  3617 | D:3      | Reached XP level 7. HP: 20/45 MP: 0/0
  3617 | D:3      | Learned a level 3 spell: Teleport Other
  3931 | D:3      | Found a bloodstained altar of Trog.
  3974 | D:3      | Noticed Jessica
  3979 | D:3      | Killed Jessica
  3983 | D:3      | Reached skill level 5 in Dodging
  4432 | D:3      | Found a basalt altar of Yredelemnul.
  5059 | D:4      | Reached XP level 8. HP: 46/50 MP: 0/0
  5578 | D:4      | You are sucked into a shaft and drop 2 floors!
  5627 | D:6      | Reached skill level 6 in Dodging
  5633 | D:6      | Reached skill level 5 in Stealth
  5806 | D:6      | HP: 1/50 [orc warrior (21)]
  5808 | D:6      | Mangled by an orc warrior

Illustrated notes

Levels and vault maps discovered:
D:1:      scummos_arrival_checkerplants, layout_loops_ring
D:2:      layout_basic, basic_altar, eino_tiny_chamber, grunt_ministairs_11,
          serial_bayou_lake_a
D:3:      layout_basic, nicolae_overflow_squiral, uniq_grinder, uniq_jessica,
          uniq_robin
D:4:      layout_basic, glass_columns_b, corexii_checkpoint_a
D:6:      layout_rooms, serial_corexii_hall, chequers_hall_statues_wall_a,
          chequers_hall_statues_corner_a, corexii_hall_statues_t,
          chequers_hall_statues_y, minmay_misc_feat_rows

Skill      XL: |  1  2  3  4  5  6  7  8 |
---------------+-------------------------+-----
Stealth        | 2 3 4 5 |  5.0
Dodging        | 3 4 5 6 |  6.2
Spellcasting   | 3 4 |  4.7

Action                   |  1- 3 |  4- 6 |  7- 9 || total
-------------------------+-------+-------+-------++-------
Melee: Short sword       |     4 |    12 |       ||    16
       Punch             |     1 |       |       ||     1
       Whip              |       |       |     5 ||     5
 Cast: Foxfire           |    68 |    59 |   138 ||   265
       Shock             |       |    41 |       ||    41
       Scorch            |       |     2 |       ||     2
       Inner Flame       |       |     1 |       ||     1
  Use: Potion            |       |     2 |     1 ||     3
       Scroll            |       |       |     6 ||     6
 Stab: Sleeping          |     1 |     1 |       ||     2
Armor: Robe              |     1 |       |       ||     1
       Leather armour    |       |     7 |     9 ||    16
Dodge: Dodged            |    14 |    14 |    16 ||    44
